 Dungeon Crawl Stone Soup version 0.25-a0-663-gace7076f2c (webtiles) character file.

Game seed: 10122703112349481546, levelgen mode: deterministic

2986 Esekla the Magician (level 9, -11/57 HPs)
             Began as an Octopode Venom Mage on Mar 25, 2020.
             Was a Believer of Ashenzari.
             Mangled by a wyvern (17 damage)
             ... on level 8 of the Dungeon.
             The game lasted 01:14:53 (8323 turns).

Esekla the Magician (Octopode Venom Mage)           Turns: 8323, Time: 01:14:53

Health: -11/57     AC:  7    Str: 14    XL:     9   Next: 83%
Magic:  1/18       EV: 14    Int: 19    God:    Ashenzari [**....]
Gold:   254        SH:  5    Dex: 15    Spells: 2/20 levels left

rFire    . . .     SeeInvis .   F - +0 falchion
rCold    . . .     Gourm    .   (no shield)
rNeg     . . .     Faith    .   z - +0 hat
rPois    .         Spirit   .   g - +5 amulet of reflection (curse)
rElec    .         Reflect  +   p - ring of stealth (curse)
rCorr    .         Harm     .   s - +2 ring of dexterity
MR       .....                  w - +6 ring of strength (curse)
Stlth    +++++.....             (no ring)
HPRegen  0.19/turn              (no ring)
MPRegen  0.16/turn              (no ring)
                                (no ring)
                                (no ring)

@: icy armour, very slightly contaminated
A: almost no armour, stealthy swim, amphibious, 8 rings, constrict 8, camouflage
1, gelatinous body 1
a: Curse Item, Scrying, Renounce Religion


You were on level 8 of the Dungeon.
You worshipped Ashenzari.
Ashenzari was pleased with you.
You were near starving.

You visited 1 branch of the dungeon, and saw 8 of its levels.

You collected 254 gold pieces.

Inventory:

Hand Weapons
 d - a +0 dagger
 t - a +0 spear
 F - a +0 falchion (weapon)
Missiles
 k - 49 poisoned darts
 n - 10 boomerangs of dispersal
 r - 16 boomerangs (quivered)
Armour
 z - a +0 hat (worn)
Jewellery
 g - a cursed +5 amulet of reflection (around mantle)
 p - a cursed ring of stealth (left tentacle)
 s - a +2 ring of dexterity (right tentacle)
 w - a cursed +6 ring of strength (on tentacle)
Wands
 e - a wand of acid (10)
 q - a wand of paralysis (11)
 E - a wand of flame (21)
Scrolls
 f - 2 scrolls of enchant weapon {unknown}
 h - 3 scrolls of remove curse
 i - 2 scrolls of random uselessness {unknown}
 m - 2 scrolls of immolation
 u - 3 scrolls of teleportation
 x - 2 scrolls of enchant armour {unknown}
 y - 2 scrolls of fog {unknown}
 A - 4 scrolls of identify
 B - a scroll of acquirement {unknown}
 C - a scroll of blinking {unknown}
 G - a scroll of amnesia {unknown}
Potions
 a - 2 potions of might
 c - a potion of cancellation
 j - a potion of haste
 l - 2 potions of curing
 o - a potion of berserk rage
 v - 5 potions of flight
 D - a potion of lignification
Comestibles
 b - 17 rations


   Skills:
 + Level 3.3 Fighting
 + Level 1.2(1.3) Short Blades
 + Level 0.2(0.8) Long Blades
 + Level 0.9 Polearms
 + Level 1.8 Throwing
 + Level 3.3 Dodging
 + Level 5.0 Stealth
 * Level 6.1 Spellcasting
 + Level 3.2 Conjurations
 * Level 2.3 Charms
 + Level 4.0 Translocations
 - Level 1.0 Transmutations
 * Level 2.5 Fire Magic
 * Level 2.8 Ice Magic
 + Level 4.7 Air Magic
 + Level 6.0 Poison Magic


You had 2 spell levels left.
You knew the following spells:

 Your Spells              Type           Power        Failure   Level  Hunger
a - Ozocubu's Armour      Chrm/Ice       ###.....     12%         3    ##.....
b - Blink                 Tloc           N/A          3%          2    None
c - Mephitic Cloud        Conj/Pois/Air  ###.....     4%          3    ##.....
d - Sting                 Tmut/Pois      ###.         2%          1    None
e - Song of Slaying       Chrm           ##......     6%          2    None
f - Conjure Flame         Conj/Fire      ###.....     11%         3    ##.....
g - Shroud of Golubria    Chrm/Tloc      ###...       4%          2    None
v - Poisonous Vapours     Pois/Air       ####..       1%          2    None

Your spell library contained the following spells:

 Spells                   Type           Power        Failure   Level  Hunger
 Magic Dart               Conj           ###.         3%          1    None
 Infusion                 Chrm           ##..         4%          1    None
 Ensorcelled Hibernation  Hex/Ice        ##....       10%         2    None
 Corona                   Hex            #......      11%         1    None
 Call Imp                 Summ           #.......     17%         2    None
 Slow                     Hex            #.......     17%         2    None
 Ignite Poison            Fire/Tmut/Pois ###.....     9%          3    ##.....
 Olgreb's Toxic Radiance  Pois           ####....     10%         4    ####...
 Dazzling Flash           Conj/Hex       ##....       17%         3    ##.....
 Spectral Weapon          Hex/Chrm       ##......     21%         3    ##.....
 Confusing Touch          Hex            #.......     32%         3    ##.....
 Tukima's Dance           Hex            #.......     32%         3    ##.....
 Cause Fear               Hex            #.........   73%         4    ####...
 Silence                  Hex/Air        ##........   75%         5    #####..
 Yara's Violent Unravell  Hex/Tmut       #.........   94%         5    #####..
 Deflect Missiles         Chrm/Air       ###.......   98%         6    #######
 Discord                  Hex            #.........   100%        8    #######


Dungeon Overview and Level Annotations

Branches:
Dungeon (8/15)             Temple (0/1) D:4
   Lair: D:8-11

Altars:
Ashenzari
Gozag
Makhleb
Yredelemnul
The Shining One

Shops:
D:6 [   D:8 [

Annotations:
D:4 exclusion: oklob sapling


Innate Abilities, Weirdness & Mutations

You cannot wear most types of armour.
You are very stealthy in the water. (Stealth+)
You are amphibious.
You can wear up to eight rings at the same time.
You can use your tentacles to constrict eight enemies at once.
Your skin changes colour to match your surroundings (Stealth+).
Your rubbery body absorbs attacks. (AC +1, EV +1)


Message History

You barely miss the wyvern. Your squeeze misses the wyvern.
The wyvern is moderately wounded.
The wyvern is engulfed in poison gas.
The wyvern looks even sicker.
The wyvern completely misses you.
The wyvern is engulfed in poison gas.
The wyvern looks as sick as possible!
The wyvern barely misses you.
You closely miss the wyvern.
The wyvern is severely wounded.
The wyvern bites you!
* * * LOW HITPOINT WARNING * * *
The wyvern closely misses you.
Okay, then.
Casting: Poisonous Vapours (safe; 1% risk of failure)
Confirm with . or Enter, or press ? or * to list all spells.
You blink.
A hound comes into view.
The hound barks!
The leopard gecko bites you but does no damage.
The worker ant zombie bites you but does no damage.
The wyvern bites you!
You die...

###.###.###...##..##..#......
#...#....#........#...#......
#...#....#........###########
#...#....#........##..###.###
#...##..##........'..........
#...##..##+#####..#.....(....
##<.....##†...##..##...##..##
##...........l§#..##...##..##
#.(.........@l.#...........##
#............Z.#.............
*
###########....#..[..........
*, * * #.#####..###+####.## ,
,#.# ####..###..###.## * ** *
* #.# #................ ,
#h#, *+............÷... * ,**
#.# ##...######.##### .#
###...######.###..


You could see a wyvern, a hound, a worker ant zombie and a leopard gecko.

Vanquished Creatures
  Maggie (D:6)
  2 orc warriors
  3 sky beasts
  2 ice beasts
  6 ogres
  2 centaurs
  2 big kobolds (D:7)
  A bullfrog (D:7)
  2 scorpions
  4 killer bees (D:8)
  A howler monkey (D:4)
  2 crimson imps (D:6)
  A bullfrog zombie (D:5)
  4 hounds
  An orc priest (D:7)
  A jelly (D:7)
  3 orc wizards
  Jessica (D:2)
  An iguana (D:5)
  Natasha (thrice) (D:4)
  5 worker ants
  A hell rat (D:6)
  A hound skeleton (D:8)
  4 gnolls (D:3)
  6 river rats (D:6)
  4 adders
  A shadow imp (D:8)
  An ooze (D:1)
  An adder skeleton (D:7)
  4 worms
  A dart slug (D:4)
  2 leopard geckos
  13 orcs
  6 bats
  3 giant cockroaches
  14 goblins
  4 hobgoblins
  6 jackals
  8 kobolds
  5 quokkas
  A frilled lizard (D:2)
  A quokka zombie (D:5)
  17 rats
152 creatures vanquished.

Vanquished Creatures (others)
  A worm (D:2)
  A bat (D:2)
  10 plants
12 creatures vanquished.

Grand Total: 164 creatures vanquished

Notes
Turn   | Place    | Note
-------+----------+-------------------------------------------
     0 | D:1      | Esekla the Octopode Venom Mage began the quest for the Orb.
     0 | D:1      | Reached XP level 1. HP: 11/11 MP: 3/3
   360 | D:1      | Reached XP level 2. HP: 18/18 MP: 3/5
   366 | D:1      | Learned a level 2 spell: Poisonous Vapours
   591 | D:2      | Noticed Jessica
  1147 | D:1      | Reached XP level 3. HP: 21/22 MP: 6/6
  1152 | D:1      | Learned a level 3 spell: Mephitic Cloud
  1178 | D:1      | Reached skill level 1 in Fighting
  1608 | D:2      | Found a basalt altar of Yredelemnul.
  2004 | D:2      | Killed Jessica
  2004 | D:2      | Reached skill level 1 in Air Magic
  2004 | D:2      | Reached XP level 4. HP: 28/28 MP: 0/7
  2049 | D:3      | Found a glowing golden altar of the Shining One.
  2241 | D:3      | Reached XP level 5. HP: 33/33 MP: 0/9
  2454 | D:3      | Found a faded altar of an unknown god.
  2511 | D:3      | Became a worshipper of Ashenzari the Shackled
  2511 | D:3      | Reached * piety under Ashenzari
  2756 | D:4      | Reached skill level 1 in Conjurations
  2897 | D:4      | Reached XP level 6. HP: 39/39 MP: 5/10
  3071 | D:4      | Noticed Natasha
  3090 | D:4      | Killed Natasha
  3122 | D:4      | Reached skill level 1 in Throwing
  3237 | D:4      | Found a staircase to the Ecumenical Temple.
  3259 | D:4      | Noticed Natasha
  3325 | D:4      | Killed Natasha
  3325 | D:4      | Reached XP level 7. HP: 43/45 MP: 7/12
  3343 | D:4      | Noticed Natasha
  3354 | D:4      | Killed Natasha
  3491 | D:4      | Learned a level 2 spell: Blink
  3495 | D:4      | Learned a level 3 spell: Conjure Flame
  3850 | D:5      | Entered Level 5 of the Dungeon
  4359 | D:5      | Reached skill level 1 in Translocations
  4359 | D:5      | Reached XP level 8. HP: 52/52 MP: 1/14
  4488 | D:5      | Reached skill level 5 in Poison Magic
  4584 | D:5      | Learned a level 3 spell: Ozocubu's Armour
  4603 | D:5      | Reached skill level 1 in Short Blades
  4685 | D:5      | Reached skill level 1 in Fire Magic
  4747 | D:5      | Reached ** piety under Ashenzari
  5065 | D:6      | Reached skill level 1 in Charms
  5117 | D:6      | Reached skill level 5 in Spellcasting
  5146 | D:6      | Reached skill level 1 in Ice Magic
  5423 | D:6      | Found an opulent altar of Gozag.
  5522 | D:6      | Found Zoilij's Armour Shoppe.
  5605 | D:6      | Noticed Maggie
  5925 | D:6      | Paralysed by Maggie for 3 turns
  5930 | D:6      | Paralysed by Maggie for 2 turns
  5932 | D:6      | Killed Maggie
  5932 | D:6      | Reached XP level 9. HP: 15/56 MP: 17/17
  6255 | D:6      | Found the +2 ratskin cloak {+Rats rPois rN+ Str-1 Int-1
                  | Dex+1}
  6712 | D:7      | Reached skill level 5 in Stealth
  6803 | D:7      | Found a burning altar of Makhleb.
  7623 | D:8      | Found Loss's Antique Armour Shoppe.
  7704 | D:8      | Learned a level 2 spell: Song of Slaying
  7707 | D:8      | Learned a level 2 spell: Shroud of Golubria
  8323 | D:8      | Mangled by a wyvern

Levels and vault maps discovered:
D:1:      sevenhm_arrival_forest_fort_small_4, layout_basic, serial_glass,
          glass_columns_a, glass_columns_c, glass_columns_b, glass_columns_a,
          glass_columns_c, st_stairs_13
D:2:      layout_basic, yredelemnul_altar_generic, lemuel_old_faithful,
          uniq_jessica
D:3:      layout_basic, chequers_ecumenical_altar_simple,
          nicolae_tso_carved_into_rock
D:4:      layout_basic, minmay_temple_entry_oklob, first_ration, minivault_23,
          minivault_1, uniq_natasha
D:5:      layout_basic
D:6:      wander_guarded_unrand_ratskin, layout_basic, serial_shops,
          kennysheep_little_box, grunt_gozag_breadcrumbs, uniq_maggie
D:7:      layout_rooms, basic_altar, minmay_unpleasant_kobolds
D:8:      minmay_imperfect_grid, layout_gridville, serial_shops, shop,
          blue_anna_alchemist [blue_anna_fruit_fields, blue_anna_fruit_fields],
          uniq_maurice

Skill      XL: |  1  2  3  4  5  6  7  8  9 |
---------------+----------------------------+-----
Poison Magic   | 4 5 6 |  6.0
Fighting       | 1 2 3 |  3.3
Stealth        | 3 4 5 |  5.0
Air Magic      | 1 2 3 4 |  4.7
Spellcasting   | 3 4 5 6 |  6.1
Conjurations   | 1 2 3 |  3.2
Throwing       | 1 |  1.8
Dodging        | 3 |  3.3
Translocations | 1 2 4 |  4.0
Short Blades   | 1 |  1.2
Fire Magic     | 2 |  2.5
Charms         | 2 |  2.3
Ice Magic      | 1 2 |  2.8
Long Blades    | |  0.2
Polearms       | |  0.9
Transmutations | |  1.0

Action                   |  1- 3 |  4- 6 |  7- 9 || total
-------------------------+-------+-------+-------++-------
Melee: Dagger            |    49 |    52 |    99 ||   200
       Tentacles         |    10 |     9 |    37 ||    56
       Constrict         |    10 |    17 |    26 ||    53
       Spear             |       |       |    13 ||    13
       Falchion          |       |       |     8 ||     8
Throw: Dart              |       |    22 |     9 ||    31
       Boomerang         |       |       |    16 ||    16
 Cast: Sting             |     6 |       |       ||     6
       Poisonous Vapours |     8 |    32 |   114 ||   154
       Mephitic Cloud    |     1 |     6 |     3 ||    10
       Conjure Flame     |       |       |     5 ||     5
       Blink             |       |       |     3 ||     3
       Ozocubu's Armour  |       |       |     4 ||     4
       Shroud of Golubri |       |       |     1 ||     1
Invok: Curse Item        |       |     3 |       ||     3
       Scrying           |       |       |     1 ||     1
  Use: Scroll            |       |       |    13 ||    13
       Potion            |       |       |     3 ||     3
 Stab: Sleeping          |    10 |     7 |    15 ||    32
       Confused          |       |     2 |     3 ||     5
       Distracted        |       |       |     1 ||     1
  Eat: Chunk             |     1 |     6 |    12 ||    19
       Ration            |     1 |       |     1 ||     2
Armor: Skin              |     2 |     2 |     6 ||    10
Dodge: Dodged            |    23 |    16 |    75 ||   114
Block: Other             |     3 |     6 |    24 ||    33
       Reflection        |       |     1 |     2 ||     3
       Rpst.: Falchion   |       |       |     4 ||     4

Table legend:
 A = Non-vault XP
 B = Vault XP
 C = Vault XP percentage of total XP
 D = Non-vault monster count
 E = Vault monster count
 F = Vault count percentage of total count
                 A         B        C        D         E       F
            +---------+---------+-------+---------+---------+-------
      Total |    3354 |     913 |  21.4 |     119 |      33 |  21.7
            +---------+---------+-------+---------+---------+-------
        D:1 |      14 |       9 |  39.1 |       7 |       2 |  22.2
        D:2 |      44 |      37 |  45.7 |      16 |       1 |   5.9
        D:3 |     166 |       0 |   0.0 |      28 |       0 |   0.0
        D:4 |     537 |      36 |   6.3 |      16 |       1 |   5.9
        D:5 |     786 |       0 |   0.0 |      18 |       0 |   0.0
        D:6 |     532 |     502 |  48.5 |      11 |      22 |  66.7
        D:7 |     845 |     199 |  19.1 |      14 |       6 |  30.0
        D:8 |     430 |     130 |  23.2 |       9 |       1 |  10.0
            +---------+---------+-------+---------+---------+-------
